 Dungeon Crawl Stone Soup version 0.23.2-1-ga50397a (webtiles) character file.

Game seed: 2963359736626528422

11576 schauveau the Crack Shot (level 11, -10/79 HPs)
             Began as a Centaur Hunter on Apr 26, 2019.
             Was a High Priest of Okawaru.
             Killed from afar by an electric eel (15 damage)
             ... with a bolt of electricity
             ... on level 12 of the Dungeon.
             The game lasted 00:22:08 (11748 turns).

schauveau the Crack Shot (Centaur Hunter)          Turns: 11748, Time: 00:22:08

Health: -10/79     AC: 12    Str: 18    XL:     11   Next: 51%
Magic:  6/11       EV: 22    Int: 10    God:    Okawaru [*****.]
Gold:   490        SH:  0    Dex: 14    Spells: 10/10 levels left

rFire    + + +     SeeInvis .   a - +2 shortbow (flame)
rCold    + . .     Gourm    .   (shield currently unavailable)
rNeg     . . .     Faith    .   c - +0 leather armour
rPois    .         Spirit   .   (no helmet)
rElec    .         Reflect  .   y - scarf {rC+ rF+}
rCorr    .         Harm     .   Q - +1 pair of gloves
MR       .....                  R - +2 centaur barding {rF+}
Stlth    +.........             e - amulet of the acrobat
HPRegen  0.23/turn              P - ring of protection from fire
MPRegen  0.12/turn              u - +4 ring of strength

@: acrobat, very quick
A: large, hooves 3, blurry vision 1, deformed body, speed 2, tough skin 3, wild
magic 1
a: Heroism, Finesse, Renounce Religion


You were on level 12 of the Dungeon.
You worshipped Okawaru.
Okawaru was extremely pleased with you.
You were very hungry.

You visited 2 branches of the dungeon, and saw 15 of its levels.

You collected 490 gold pieces.

Inventory:

Hand Weapons
 a - a +2 shortbow of flaming (weapon)
 b - a +0 spear
 g - a +0 short sword
 K - a +2 hand axe of flaming
 O - a +2 shortbow
 S - the +9 flail of Padeahu {freeze, rF+, unknown}
   (You found it on level 11 of the Dungeon)

   It has been specially enchanted to freeze those struck by it, causing extra
   injury to most foes and up to half again as much damage against particularly
   susceptible opponents.
   It can also slow down cold-blooded creatures.
   It protects you from fire.
Missiles
 d - 184 arrows (quivered)
 j - 70 poisoned needles
Armour
 c - a +0 leather armour (worn)
 y - a scarf of resistance (worn)
 Q - a +1 pair of gloves (worn)
 R - a +2 centaur barding of fire resistance (worn)
Jewellery
 e - an amulet of the acrobat (around neck)
 h - an uncursed ring of resist corrosion
 q - an uncursed ring of positive energy
 u - a +4 ring of strength (right hand)
 J - an uncursed ring of flight
 P - a ring of protection from fire (left hand)
Wands
 i - a wand of digging (9)
 m - a wand of enslavement (4)
 v - a wand of paralysis (8)
 A - a wand of iceblast (2)
 N - a wand of scattershot (7)
Scrolls
 k - 5 scrolls of teleportation
 l - 6 scrolls of amnesia
 n - 7 scrolls of remove curse
 o - a scroll of random uselessness
 B - a scroll of enchant armour
 F - 3 scrolls of fear
 H - 2 scrolls of immolation
Potions
 p - 4 potions of heal wounds
 r - 3 potions of curing
 s - a potion of invisibility
 t - 4 potions of magic
 w - 5 potions of might
 x - 2 potions of agility
 z - 2 potions of cancellation {unknown}
 D - 2 potions of degeneration {unknown}
 E - 3 potions of lignification
 G - a potion of brilliance
 L - a potion of flight {unknown}
 M - a potion of ambrosia {unknown}
Comestibles
 f - 27 rations


   Skills:
 - Level 2.0 Fighting
 * Level 21.6 Bows
 - Level 1.3 Dodging
 - Level 0.4 Stealth


You had 10 spell levels left.
You didn't know any spells.
Your spell library contained the following spells:

 Spells                   Type           Power        Failure   Level  Hunger
 Animate Skeleton         Necr           N/A          50%         1    ##.....
 Apportation              Tloc           #.....       50%         1    ##.....
 Beastly Appendage        Tmut           #.....       50%         1    ##.....
 Confusing Touch          Hex            #.....       50%         1    ##.....
 Magic Dart               Conj           #...         50%         1    ##.....
 Summon Small Mammal      Summ           #...         50%         1    ##.....
 Searing Ray              Conj           #.....       65%         2    ###....
 Sticks to Snakes         Tmut           #.......     65%         2    ###....
 Dazzling Spray           Conj/Hex       #.....       86%         3    ####...
 Spider Form              Tmut/Pois      #.........   86%         3    ####...
 Force Lance              Conj/Tloc      #.......     99%         4    #####..
 Fulminant Prism          Conj/Hex       #.........   99%         4    #####..
 Ice Form                 Ice/Tmut       #.......     99%         4    #####..
 Iskenderun's Mystic Bla  Conj           #.......     99%         4    #####..
 Blade Hands              Tmut           #.........   100%        5    ######.


Dungeon Overview and Level Annotations

Branches:
Dungeon (14/15)            Temple (1/1) D:6            Lair (0/6) D:10
    Orc: D:9-12      Vaults: D:13-14

Altars:
Ashenzari
Cheibriados
Dithmenos
Elyvilon
Fedhas
Gozag
Hepliaklqana
Kikubaaqudgha
Makhleb
Nemelex Xobeh
Okawaru
Qazlal
Ru
Sif Muna
Trog
Uskayaw
Vehumet
Wu Jian
Xom
Yredelemnul
Zin
The Shining One

Shops:
D:7 (


Innate Abilities, Weirdness & Mutations

You have hooves in place of feet.
Armour fits poorly on your strangely shaped body.
You cover ground very quickly.
You have extremely tough skin. (AC +3)
Scrolls take you a little longer to read.
Your spells are a little harder to cast, but a little more powerful.


Message History

Aim: an electric eel (lightly wounded)
You shoot an arrow.
The arrow barely misses the electric eel.
The arrow hits the manticore.
The arrow burns the manticore.
The manticore is lightly wounded.
The electric eel shoots out a bolt of lightning at you!
The bolt of electricity hits you! x2
You hear a shout!
The electric eel shoots out a bolt of lightning at you!
The bolt of electricity hits you! The bolt of electricity hits you.
* * * LOW HITPOINT WARNING * * *
The electric eel shoots out a bolt of lightning at you!
The bolt of electricity hits you!
* * * LOW HITPOINT WARNING * * *
The electric eel shoots out a bolt of lightning at you!
The bolt of electricity hits you!
* * * LOW HITPOINT WARNING * * *
The electric eel shoots out a bolt of lightning at you!
The bolt of electricity hits you!
You die...

######## #########......#
#######.....[.#......####
>.............'..........
.#..........}.#......###
.#.......######.@.(..#
.#.......# ###≈####
.#.......# ##≈≈≈##
.#.......# ##≈≈≈≈≈##
.######### #≈≈≈≈≈≈≈## ..
#≈≈≈≈≈≈≈≈(# #≈≈≈≈≈≈≈H≈(≈#
#≈≈≈≈≈≈≈≈;≈≈;≈.
#≈≈≈≈≈≈≈≈≈≈≈(≈...


You could see a manticore and 2 electric eels.

Vanquished Creatures
  A hydra (D:8)
  2 two-headed ogres
  An ugly thing (D:10)
  Maurice (D:8)
  A gargoyle (D:10)
  Prince Ribbit (D:5)
  3 hippogriffs
  2 dream sheep (D:8)
  Sigmund (D:2)
  A water elemental (D:12)
  A vampire (D:12)
  A basilisk (D:10)
  15 yaks
  Grum (D:8)
  A hungry ghost (D:10)
  A vampire mosquito (D:13)
  3 orc warriors
  A phantom (D:10)
  A black bear (D:8)
  2 necrophages
  2 sky beasts
  An eye of draining (D:12)
  8 ogres
  4 centaurs
  3 wolves (D:8)
  A crocodile (D:10)
  3 bullfrogs
  3 big kobolds (D:8)
  A gnoll sergeant (D:10)
  2 electric eels (D:12)
  A centaur zombie (D:8)
  4 crimson imps
  3 quasits
  2 bullfrog zombies (D:11)
  A hound (D:10)
  2 jellies
  A bullfrog skeleton (D:5)
  3 centaur skeletons
  6 orc priests
  6 orc wizards
  4 iguanas
  3 worker ants
  A hound zombie (D:7)
  A hound skeleton (D:7)
  2 worker ant zombies
  4 gnolls (D:10)
  14 adders
  A shadow imp (D:5)
  3 oozes
  3 adder skeletons
  2 worms (D:2)
  9 leopard geckos
  38 orcs
  9 bats
  3 giant cockroaches
  10 goblins
  10 hobgoblins
  3 jackals (D:4)
  10 quokkas
  6 frilled lizards
  8 kobolds
  A leopard gecko skeleton (D:6)
  2 quokka zombies
  8 rats
  A spectral orc (D:9)
254 creatures vanquished.

Vanquished Creatures (others)
  A fungus (D:10)
1 creature vanquished.

Grand Total: 255 creatures vanquished

Notes
Turn   | Place    | Note
-------+----------+-------------------------------------------
     0 | D:1      | schauveau the Centaur Hunter began the quest for the Orb.
     0 | D:1      | Reached XP level 1. HP: 17/17 MP: 1/1
   108 | D:2      | Reached skill level 6 in Bows
   108 | D:2      | Reached XP level 2. HP: 18/24 MP: 2/2
   495 | D:2      | Found a snail-covered altar of Cheibriados.
   569 | D:3      | Found a glowing drain.
   661 | D:3      | Reached XP level 3. HP: 29/29 MP: 3/3
   696 | D:3      | Found a deep blue altar of Sif Muna.
   821 | D:3      | Reached skill level 7 in Bows
   987 | D:4      | Reached XP level 4. HP: 36/36 MP: 4/4
  1052 | D:4      | Noticed an ogre
  1058 | D:4      | Killed an ogre
  1058 | D:4      | Reached skill level 8 in Bows
  1058 | D:4      | Reached XP level 5. HP: 41/41 MP: 5/5
  1670 | D:4      | Reached skill level 9 in Bows
  1805 | D:5      | Entered Level 5 of the Dungeon
  1850 | D:5      | Noticed an ogre
  1851 | D:5      | Noticed an ogre
  1852 | D:5      | Found an iron altar of Okawaru.
  1852 | D:5      | Noticed a sky beast
  1880 | D:5      | Killed an ogre
  1880 | D:5      | Reached XP level 6. HP: 48/48 MP: 6/6
  1891 | D:5      | Reached skill level 10 in Bows
  2052 | D:5      | Became a worshipper of Warmaster Okawaru
  2960 | D:2      | Found a radiant altar of Vehumet.
  3322 | D:2      | Noticed Sigmund
  3678 | D:2      | Found a shadowy altar of Dithmenos.
  3682 | D:2      | Found a white marble altar of Elyvilon.
  3685 | D:2      | Found a sparkling altar of Nemelex Xobeh.
  3736 | D:2      | Found a shattered altar of Ashenzari.
  3736 | D:2      | Found a burning altar of Makhleb.
  3760 | D:2      | Killed Sigmund
  3760 | D:2      | Reached skill level 11 in Bows
  3760 | D:2      | Reached XP level 7. HP: 41/55 MP: 7/7
  4146 | D:5      | Noticed Prince Ribbit
  4478 | D:5      | Reached * piety under Okawaru
  4609 | D:5      | Killed Prince Ribbit
  4609 | D:5      | Reached skill level 12 in Bows
  4845 | D:5      | HP: 2/55 [something (5)]
  4866 | D:5      | Reached XP level 8. HP: 6/61 MP: 8/8
  5288 | D:6      | Reached skill level 13 in Bows
  6066 | D:6      | Found a staircase to the Ecumenical Temple.
  6076 | Temple   | Entered the Ecumenical Temple
  6664 | D:7      | Reached ** piety under Okawaru
  6666 | D:7      | Found Ufirchy's Antique Weapon Boutique.
  6706 | D:7      | Reached skill level 14 in Bows
  6854 | D:7      | Found a glowing golden altar of the Shining One.
  7310 | D:8      | Noticed Maurice
  7326 | D:8      | Killed Maurice
  7326 | D:8      | Reached skill level 15 in Bows
  7326 | D:8      | Reached XP level 9. HP: 43/67 MP: 9/9
  7468 | D:8      | Noticed a two-headed ogre
  7478 | D:8      | Killed a two-headed ogre
  7478 | D:8      | Reached *** piety under Okawaru
  7478 | D:8      | Received a gift from Okawaru
  7478 | D:8      | Reached skill level 16 in Bows
  7546 | D:8      | Reached skill level 17 in Bows
  7618 | D:8      | Reached **** piety under Okawaru
  7643 | D:8      | Noticed Grum
  7657 | D:8      | Reached XP level 10. HP: 47/73 MP: 10/10
  7666 | D:8      | Killed Grum
  7666 | D:8      | Received a gift from Okawaru
  7832 | D:8      | Reached skill level 18 in Bows
  7917 | D:8      | Received a gift from Okawaru
  8161 | D:8      | Noticed a three-headed hydra
  8179 | D:8      | Killed a one-headed hydra
  8179 | D:8      | Reached skill level 19 in Bows
  8420 | D:8      | Got a shimmering chain mail
  8431 | D:8      | Identified the +1 chain mail of Meaz Eniawk {Int+2} (You
                  | found it on level 8 of the Dungeon)
  9042 | D:9      | Found an opulent altar of Gozag.
  9045 | D:9      | Found a bloodstained altar of Trog.
  9113 | D:9      | Reached ***** piety under Okawaru
  9299 | D:9      | Received a gift from Okawaru
  9395 | D:9      | Reached skill level 20 in Bows
  9456 | D:9      | Found a blossoming altar of Fedhas.
  9519 | D:9      | Found a basalt altar of Yredelemnul.
  9610 | D:10     | Entered Level 10 of the Dungeon
  9682 | D:10     | Received a gift from Okawaru
  9696 | D:10     | Reached XP level 11. HP: 36/79 MP: 11/11
 10241 | D:10     | Noticed a brown ugly thing
 10246 | D:10     | Noticed a two-headed ogre
 10284 | D:10     | Killed a brown ugly thing
 10315 | D:10     | Killed a two-headed ogre
 10315 | D:10     | Reached skill level 21 in Bows
 10440 | D:10     | Found a staircase to the Lair.
 11043 | D:11     | Got an iridescent flail
 11051 | D:11     | Gained mutation: You tend to lose your temper in combat.
                  | [potion of mutation]
 11051 | D:11     | Gained mutation: You occasionally shout uncontrollably at
                  | your foes. [potion of mutation]
 11051 | D:11     | Gained mutation: You often lose your temper in combat.
                  | [potion of mutation]
 11051 | D:11     | Gained mutation: You evolve. [potion of mutation]
 11052 | D:11     | Lost mutation: You often lose your temper in combat.
                  | [potion of mutation]
 11052 | D:11     | Lost mutation: You tend to lose your temper in combat.
                  | [potion of mutation]
 11052 | D:11     | Lost mutation: You evolve. [potion of mutation]
 11052 | D:11     | Lost mutation: You occasionally shout uncontrollably at
                  | your foes. [potion of mutation]
 11052 | D:11     | Gained mutation: Your magical capacity is low. (-10% MP)
                  | [potion of mutation]
 11052 | D:11     | Gained mutation: You possess an exceptional clarity of
                  | mind. [potion of mutation]
 11053 | D:11     | Lost mutation: Your magical capacity is low. (-10% MP)
                  | [potion of mutation]
 11053 | D:11     | Lost mutation: You possess an exceptional clarity of mind.
                  | [potion of mutation]
 11053 | D:11     | Gained mutation: Scrolls take you a little longer to read.
                  | [potion of mutation]
 11053 | D:11     | Gained mutation: Your spells are a little harder to cast,
                  | but a little more powerful. [potion of mutation]
 11522 | D:11     | You fall through a shaft for 3 floors!
 11748 | D:12     | Killed from afar by an electric eel

Skill      XL: |  1  2  3  4  5  6  7  8  9 10 11 |
---------------+----------------------------------+-----
Bows           | 6 7 8 9 11 12 15 17 20 21 | 21.6
Fighting       | |  2.0
Dodging        | |  1.3
Stealth        | |  0.4

Action                   |  1- 3 |  4- 6 |  7- 9 | 10-12 || total
-------------------------+-------+-------+-------+-------++-------
Melee: Short sword       |    12 |       |       |       ||    12
       Spear             |    79 |   140 |    32 |     7 ||   258
       Kick              |    16 |    26 |    13 |     4 ||    59
       Hand axe          |       |       |       |     4 ||     4
 Fire: Shortbow          |     3 |    54 |   348 |   456 ||   861
  Use: Scroll            |       |     9 |     3 |     9 ||    21
       Potion            |       |       |     2 |     4 ||     6
  Eat: Chunk             |       |     6 |       |     2 ||     8
       Ration            |       |       |     3 |     2 ||     5
Armor: Leather armour    |    30 |    46 |    23 |    33 ||   132
Dodge: Dodged            |    43 |    50 |    48 |    42 ||   183
